Map: Agria Valley

Players

Kirika

  • Race: Zerg Zerg
  • Spawn Location: 5:00

Taiyaki - Winner!

  • Race: Terran Terran
  • Spawn Location: 11:00

VOD

Have the link to the VOD?

Description

Time

  • Played on: June 14, 2019, 4:37 p.m.
  • Length: 40:36
Show
View Real Time Build Order
Export as new Build Order

Kirika Zerg 

Build Orders: 1 Base Baneling Bust, Pool First 

Get SALT Encoding   

  12  0:39  Extractor  
  11  0:48  Extractor  
  10  1:15  Spawning Pool  
  9  1:39  Drone  
  10  1:43  Drone  
  10  1:44  Drone  
  12  2:08  Drone  
  12  2:10  Drone  
  14  2:42  Overlord  
  14  2:55  Overlord  
  14  3:46  Spawning Pool  
  14  4:13  Zergling x2  
  14  4:14  Zergling x2  
  16  4:31  Evolution Chamber  
  15  4:40  Roach Warren  
  14  4:50  Baneling Nest  
  12  6:07  Drone  
  13  6:21  Roach x2  
  17  6:46  Drone x2  
  20  6:47  Drone  
  20  7:14  Spine Crawler  
  19  7:26  Spore Crawler  
  18  7:31  Overlord  
  18  7:32  Overlord  
  18  7:33  Overlord  
  18  7:48  Zerg Melee Weapons Level 1  
  18  7:54  Metabolic Boost  
  18  8:05  Queen  
  20  8:35  Drone x2  
  20  8:36  Drone  
  20  8:41  Pneumatized Carapace  
  23  9:08  Roach x2  
  27  9:24  Burrow  
  27  9:26  Zergling x4  
  29  9:32  Baneling  
  29  9:38  Ravager  
  30  9:42  Zerg Missile Weapons Level 1  
  30  9:44  Ravager  
  31  10:16  Ravager  
  31  10:19  Ravager  
  33  10:22  Baneling  
  33  10:24  Baneling  
  33  11:09  Roach x3  
  39  11:30  Lair  
  37  11:36  Zerg Ground Armor Level 1  
  31  13:31  Drone x3  
  34  13:43  Hydralisk Den  
  33  13:52  Infestation Pit  
  32  14:01  Spire  
  31  14:07  Nydus Network  
  30  14:17  Glial Reconstitution  
  30  14:22  Centrifical Hooks  
  30  14:26  Zerg Melee Weapons Level 2  
  30  14:31  Pathogen Glands  
  30  14:36  Grooved Spines  
  30  15:28  Neural Parasite  
  30  15:35  Tunneling Claws  
  30  15:47  Muscular Augments  
  18  16:33  Zerg Flyer Weapons Level 1  
  18  16:42  Zerg Missile Weapons Level 2  
  18  16:44  Nydus Canal  
  18  16:52  Hive  
  18  18:28  Zerg Flyer Armor Level 1  
  18  18:58  Zerg Ground Armor Level 2  
  18  19:39  Hatchery  
  17  19:50  Extractor  
  16  19:55  Extractor, Hydralisk x2  
  16  19:56  Hydralisk  
  21  20:30  Drone x3  
  24  20:41  Baneling  
  24  21:02  Drone  
  24  21:03  Drone  
  26  21:08  Mutalisk x3  
  32  21:40  Drone  
  33  22:10  Hydralisk  
  33  22:11  Hydralisk  
  37  22:26  Mutalisk x3  
  43  23:17  Viper  
  46  24:14  Ultralisk Cavern  
  45  24:49  Swarm Host  
  45  24:50  Swarm Host x2  
  54  25:27  Ultralisk  
  60  26:20  Overlord x3  
  60  26:45  Chitinous Plating  
  56  27:52  Mutalisk x3  
  62  28:04  Anabolic Synthesis  
  54  29:17  Mutalisk x3  
  54  29:22  Mutalisk  
  54  29:23  Mutalisk  
  62  30:08  Queen  
  64  30:17  Mutalisk x3  
  70  30:30  Mutalisk  
  68  31:32  Swarm Host x3  
  77  32:57  Overlord x3  
  77  33:22  Overlord x2  
  77  33:33  Overlord x3  
  77  33:57  Overlord  
  77  33:58  Overlord x2  
  76  35:09  Viper x3  
  76  35:13  Mutalisk x2  
  76  35:14  Mutalisk  
  91  35:31  Adrenal Glands  
  89  35:58  Mutalisk x3  
  95  36:27  Overlord x2  
  51  38:12  Mutalisk x3  
  18  39:51  Zergling x6  
  11  40:18  Drone x2  
Show
View Real Time Build Order
Export as new Build Order

Taiyaki Terran - Winner!

Build Orders:  

Get SALT Encoding   

  12  0:02  SCV  
  14  0:14  SCV  
  14  0:32  SCV  
  15  0:36  Supply Depot  
  15  0:57  SCV  
  16  1:09  SCV, Barracks  
  17  1:21  SCV  
  18  1:33  SCV  
  18  1:37  Barracks  
  19  1:42  Refinery  
  19  1:44  Refinery  
  19  1:46  SCV  
  20  1:58  SCV  
  21  2:04  Supply Depot  
  21  2:10  SCV  
  22  2:22  SCV  
  23  2:55  Barracks Reactor  
  23  3:04  Barracks Reactor  
  23  3:07  Command Center  
  23  3:12  Command Center  
  24  3:36  Orbital Command  
  23  4:11  Marine x2  
  23  4:12  Marine x2  
  27  4:25  Engineering Bay  
  27  4:28  Engineering Bay  
  27  4:36  Marine x2  
  27  4:37  Marine x2  
  31  4:44  SCV  
  32  4:56  SCV  
  33  5:00  Supply Depot  
  33  5:08  SCV  
  35  5:23  Supply Depot  
  35  5:31  Orbital Command  
  34  5:39  Marine x4  
  38  5:46  Supply Depot  
  37  6:09  Supply Depot  
  37  6:23  Planetary Fortress  
  37  6:32  Supply Depot  
  37  6:33  Terran Infantry Weapons Level 1  
  37  6:35  Terran Infantry Armor Level 1  
  37  6:47  Factory  
  37  6:48  SCV  
  37  6:53  Refinery  
  38  6:55  Refinery, Supply Depot  
  38  7:00  SCV  
  39  7:02  SCV  
  39  7:05  SCV  
  41  7:13  SCV  
  41  7:14  SCV  
  43  7:17  SCV  
  43  7:25  SCV  
  43  7:26  SCV  
  43  7:29  SCV  
  46  7:35  Marine x4  
  51  7:37  SCV  
  51  7:38  SCV  
  51  7:41  SCV  
  53  7:52  Marine  
  53  7:53  Marine x3, SCV, Supply Depot  
  58  8:08  SCV  
  59  8:15  Supply Depot  
  59  8:20  SCV  
  61  8:27  SCV  
  61  8:32  SCV  
  62  8:36  Armory  
  62  8:37  Supply Depot  
  62  8:39  SCV  
  63  8:51  SCV  
  64  8:59  Supply Depot  
  64  9:09  Factory Tech Lab  
  64  9:11  SCV  
  65  9:21  Supply Depot  
  65  9:22  Marine x2  
  65  9:23  Marine x2  
  65  9:24  SCV  
  70  9:31  Siege Tank  
  73  9:35  Terran Infantry Weapons Level 2, Terran Infantry Armor Level 2  
  73  9:36  SCV  
  74  9:40  Marine x2  
  74  9:41  Marine x2  
  74  9:44  Supply Depot  
  78  9:58  Marine x3  
  78  9:59  Marine  
  82  10:03  Siege Tank  
  82  10:06  Supply Depot  
  85  10:16  Marine x4  
  89  10:26  Starport  
  89  10:28  Supply Depot  
  89  10:35  Siege Tank  
  92  10:41  Refinery  
  92  10:42  Refinery  
  92  10:43  SCV  
  92  10:45  SCV  
  94  10:51  Supply Depot  
  94  10:55  SCV  
  95  10:57  SCV  
  96  11:07  Siege Tank  
  96  11:08  SCV  
  96  11:09  SCV  
  101  11:13  Supply Depot  
  101  11:20  SCV  
  102  11:36  Supply Depot  
  102  11:54  Terran Infantry Weapons Level 3  
  102  11:55  Terran Infantry Armor Level 3  
  102  11:59  Supply Depot  
  101  13:26  Command Center  
  101  13:27  Starport Reactor  
  101  13:37  Starport  
  101  14:56  SCV  
  102  15:08  SCV  
  103  15:21  SCV  
  104  15:33  SCV  
  105  16:09  Refinery  
  105  16:11  Refinery  
  98  17:29  Starport Reactor  
  98  18:24  Refinery  
  98  19:28  Refinery x2  
  98  19:32  Refinery  
  98  19:35  Command Center  
  98  19:44  Medivac  
  98  19:45  Medivac  
  102  20:02  Command Center  
  102  20:11  SCV  
  102  20:12  Command Center  
  103  20:16  Command Center  
  103  20:23  SCV  
  104  20:35  SCV  
  105  21:53  Viking x4  
  113  21:59  Refinery  
  113  22:03  Refinery  
  113  22:09  Refinery  
  113  24:01  SCV  
  114  24:04  SCV  
  115  24:13  SCV  
  115  24:16  SCV  
  117  24:20  SCV  
  118  24:25  SCV  
  118  24:26  Orbital Command  
  118  24:28  SCV  
  118  24:29  Planetary Fortress  
  120  24:32  SCV  
  120  24:37  SCV  
  122  24:40  SCV  
  122  24:44  SCV  
  124  24:49  SCV  
  124  24:52  SCV  
  126  24:56  SCV  
  126  24:57  Barracks  
  127  25:08  SCV  
  128  25:40  Barracks  
  128  25:41  Barracks  
  128  25:47  Barracks  
  128  26:02  SCV  
  129  26:15  SCV  
  130  26:27  SCV  
  130  26:29  Barracks  
  131  26:33  Orbital Command, Barracks  
  131  26:36  Barracks  
  131  26:39  SCV  
  132  27:17  Barracks  
  132  27:22  Barracks  
  132  27:25  Barracks  
  131  27:59  Barracks Reactor  
  131  28:00  Barracks Reactor x5  
  131  28:01  Barracks Reactor  
  131  28:06  Barracks  
  131  28:10  Barracks  
  131  28:16  Barracks  
  131  28:57  Barracks  
  131  29:01  Barracks  
  131  29:07  Barracks  
  131  29:31  Barracks Reactor x5  
  131  29:32  Barracks Reactor  
  131  29:46  Barracks  
  131  29:49  Barracks  
  131  30:36  SCV  
  132  30:48  SCV  
  133  30:52  Refinery  
  131  31:01  SCV  
  132  31:05  Barracks Reactor x4  
  132  31:15  Barracks Reactor  
  118  34:00  Marine  
  118  34:01  Marine x24  
  118  34:02  Marine x13  
  156  34:18  Marine x2  
  156  34:19  Marine x31  
  156  34:20  Marine x5  
  194  34:33  Stimpack  
  194  34:36  Marine x8  
  194  34:37  Marine x16  
  164  34:54  Marine x5  
  164  34:55  Marine x5  
  166  36:11  Marine  
  166  36:12  Marine x23  
  166  36:13  Marine x10  
  155  38:59  Medivac  
  155  39:00  Medivac x3  
  163  39:19  Marine  
  163  39:20  Marine x22  
  163  39:21  Marine x14  
  198  39:47  Marine x2  
Tags
 
Add a new tag
Caveats
  • Supply blocks, unpowered buildings, or Contaminate may cause inaccurate times.
  • Supply counts are checked every 10 seconds.